 Dungeon Crawl Stone Soup version 0.27.1-35-g4d5d836560 (webtiles) character file.

Game seed: 11868723149172674812

212 Delamore the Sneak (level 5, 0/34 HPs)
             Began as an Octopode Brigand on May 7, 2022.
             Slain by a killer bee (6 damage)
             ... on level 4 of the Dungeon.
             The game lasted 00:02:49 (2478 turns).

Delamore the Sneak (Octopode Brigand)               Turns: 2478, Time: 00:02:50

Health: 0/34       AC:  5    Str: 10    XL:     5   Next: 90%
Magic:  5/5        EV: 12    Int: 14    God:
Gold:   169        SH:  0    Dex: 14    Spells: 4/4 levels left

rFire    . . .     SeeInvis +   a - +2 dagger
rCold    . . .     Faith    .   (no shield)
rNeg     . . .     Spirit   .   (helmet restricted)
rPois    .         Reflect  .   (no amulet)
rElec    .         Harm     .   i - ring of see invisible
rCorr    .         Rampage  .   n - +4 ring of protection
Will     .....                  (no ring)
Stlth    ++++......             (no ring)
HPRegen  0.11/turn              (no ring)
MPRegen  0.09/turn              (no ring)
                                (no ring)
                                (no ring)

@: mighty
A: almost no armour, amphibious, 8 rings, camouflage 1, gelatinous body 1,
(nimble swimmer 1), tentacles
a: no special abilities


You were on level 4 of the Dungeon.
You visited 1 branch of the dungeon, and saw 4 of its levels.

You collected 169 gold pieces.

Inventory:

Hand Weapons
 a - a +2 dagger (weapon)
 e - a +0 rapier
Missiles
 b - 8 poisoned darts
 c - 2 curare-tipped darts
 m - 29 stones (quivered)
Jewellery
 i - a ring of see invisible (left tentacle)
 n - a +4 ring of protection (right tentacle)
Scrolls
 d - a scroll of silence
 f - 4 scrolls of amnesia
 g - a scroll of vulnerability
 j - a scroll of torment
 k - 3 scrolls of immolation {unknown}


   Skills:
 - Level 2.0 Fighting
 * Level 5.0 Short Blades
 + Level 3.1 Throwing
 - Level 1.0 Dodging
 - Level 5.9 Stealth


You had 4 spell levels left.
You didn't know any spells.
Your spell library contained the following spells:

 Spells                   Type           Power      Damage    Failure   Level
 Freeze                   Ice            0%         1d3       28%         1
 Call Canine Familiar     Summ           0%         N/A       65%         3
 Frozen Ramparts          Ice            0%         1d2       65%         3
 Portal Projectile        Hex/Tloc       0%         N/A       65%         3
 Hailstorm                Conj/Ice       0%         3d3       96%         4
 Leda's Liquefaction      Hex/Erth       0%         N/A       96%         4
 Dispersal                Tloc           0%         N/A       100%        6
 Disjunction              Tloc           0%         N/A       100%        8


Dungeon Overview and Level Annotations

Branches:
Dungeon (4/15)
 Temple: D:4-7

Altars:
Ashenzari
Fedhas


Innate Abilities, Weirdness & Mutations

You cannot wear most types of armour.
You are amphibious.
You can wear up to eight rings at the same time.
Your skin changes colour to match your surroundings (Stealth+).
Your rubbery body absorbs attacks. (AC +1, EV +1)
((You are camouflaged near water. (Stealth+)))
You have tentacles for arms and can constrict up to eight enemies at once.


Message History

You hit the killer bee but do no damage.
The killer bee is moderately wounded.
You constrict the killer bee.
You feel sick. The killer bee stings you.
* * * LOW HITPOINT WARNING * * *
You are more poisoned.
The killer bee poisons you!
It was a potion of curing.
You feel better.
You constrict the killer bee. The killer bee closely misses you.
The killer bee stings you but does no damage.
It was a potion of might.
You feel very mighty all of a sudden.
You constrict the killer bee. The killer bee misses you.
The killer bee barely misses you.
Okay, then.
You puncture the killer bee!
You kill the killer bee!
The killer bee barely misses you.
You puncture the killer bee! Your grab misses the killer bee.
Your squeeze misses the killer bee.
The killer bee is almost dead.
The killer bee misses you.
You closely miss the killer bee. Your grab misses the killer bee.
The killer bee is almost dead.
The killer bee barely misses you. The killer bee closely misses you.
You miss the killer bee. Your grab misses the killer bee.
The killer bee is almost dead.
The killer bee stings you but does no damage.
The killer bee barely misses you.
You miss the killer bee. Your grab misses the killer bee.
The killer bee is almost dead.
The killer bee stings you!
* * * LOW HITPOINT WARNING * * *
You puncture the killer bee!
You kill the killer bee!
Your Short Blades skill increases to level 5!
Your Throwing skill increases to level 3!
You puncture the killer bee! Your grab misses the killer bee.
The killer bee is heavily wounded.
The killer bee stings you.
You die...

............###.#.
#########...#.?(. #####
#........ ....#
#..##.#.# ###.##
#.......#
#<.[####.....#.#
##.#.##.........#
...#....###...yy##
<#####..# #...##@#
...#....###..####.....#
##.#.##......# #.####
... ###.##.# .# ##.##
#.##.# # #.# #.##.. # #
#.##### #.. ###


You could see 2 killer bees.

Vanquished Creatures
  3 killer bees (D:4)
  Terence (D:3)
  An adder (D:3)
  A worm (D:2)
  An orc (D:3)
  4 ball pythons
  5 endoplasms
  2 giant cockroaches
  3 goblins
  4 hobgoblins
  6 jackals (D:2)
  4 quokkas
  3 bats
  3 frilled lizards (D:1)
  2 kobolds (D:2)
  A rat (D:1)
44 creatures vanquished.

Notes
Turn   | Place    | Note
-------+----------+-------------------------------------------
     0 | D:1      | Delamore the Octopode Brigand began the quest for the Orb.
     0 | D:1      | Reached XP level 1. HP: 14/14 MP: 1/1
     1 | D:1      | You fall into a shaft and drop 1 floor!
   135 | D:1      | Reached XP level 2. HP: 19/19 MP: 2/2
   996 | D:2      | Reached XP level 3. HP: 24/24 MP: 3/3
  1160 | D:2      | You fall into a shaft and drop 1 floor!
  1160 | D:3      | Found a blossoming altar of Fedhas.
  1821 | D:3      | Noticed Terence
  1823 | D:3      | Killed Terence
  1824 | D:3      | Reached XP level 4. HP: 29/29 MP: 4/4
  1907 | D:3      | Found a faded altar of an unknown god.
  2347 | D:4      | Found a broken altar of Ashenzari.
  2392 | D:4      | Reached XP level 5. HP: 26/34 MP: 5/5
  2478 | D:4      | Reached skill level 5 in Short Blades
  2478 | D:4      | Slain by a killer bee

Illustrated notes

Levels and vault maps discovered:
D:1:      mrwooster_arrival_statue_2, layout_rooms, minivault_19,
          minmay_split_cup_large
D:2:      layout_loops_ring, palyth_stone_intersect
D:3:      layout_loops_ring, mainiacjoe_overflow_cross_hatched,
          chequers_ecumenical_altar_simple_redux, uniq_terence
D:4:      layout_loops_ring, ashenzari_altar_1,
          mainiacjoe_overflow_surrounded_room, ldierk_geyser,
          minmay_joined_circles

Skill      XL: |  1  2  3  4  5 |
---------------+----------------+-----
Short Blades   | 3 4 5 |  5.0
Throwing       | 3 |  3.1
Fighting       | |  2.0
Dodging        | |  1.0
Stealth        | |  5.9

Action                   |  1- 3 |  4- 6 || total
-------------------------+-------+-------++-------
Melee: Dagger            |    70 |    26 ||    96
       Constrict         |    12 |     3 ||    15
       Tentacles         |    10 |     4 ||    14
Throw: Stone             |       |    13 ||    13
  Use: Scroll            |     1 |     3 ||     4
       Potion            |       |     2 ||     2
 Stab: Sleeping          |    16 |       ||    16
Armor: Skin              |     5 |     8 ||    13
Dodge: Dodged            |    30 |    15 ||    45
